 Dungeon Sprint DCSS version 0.22.1-1-ga44c0e56f4 (webtiles) character file.

2830 MuseOD the Unseen (level 9, -28/49 HPs)
             Began as a Spriggan Enchanter on Sept 28, 2018.
             Was an Elder of Dithmenos.
             Killed from afar by Frances (33 damage)
             ... with an iron shot
             ... in the Dungeon (Sprint III: "The Ten Rune Challenge").
             The game lasted 00:03:44 (850 turns).

MuseOD the Unseen (Spriggan Enchanter)               Turns: 850, Time: 00:03:45

Health: -28/49     AC:  4    Str:  4    XL:     9   Next: 45%
Magic:  23/25      EV: 18    Int: 20    God:    Dithmenos [****..]
Gold:   31         SH:  0    Dex: 16    Spells: 21/30 levels left

rFire    . . .     SeeInvis +   s - +2 dagger (venom)
rCold    . . .     Gourm    .   (shield restricted)
rNeg     . . .     Faith    .   c - +2 robe {MR+}
rPois    .         Spirit   .   (helmet restricted)
rElec    .         Reflect  .   (no cloak)
rCorr    .         Harm     .   (gloves unavailable)
MR       ++...     NoTele   +   (boots unavailable)
Stlth    +++++++++.             (no amulet)
HPRegen  0.16/turn              (no ring)
MPRegen  0.19/turn              (no ring)

@: lethally poisoned (-28 -> -41), slowed, wreathed by umbra, quick
A: very small, unfitting armour, see invisible, herbivore, speed 3, slow
metabolism 2
a: Shadow Step, Renounce Religion


You were in the Dungeon.
You worshipped Dithmenos.
Dithmenos was greatly pleased with you.
You were not hungry.

You visited 1 branch You collected 31 gold pieces.

Inventory:

Hand Weapons
 a - a +1 dagger
 s - a +2 dagger of venom (weapon)
Armour
 b - a +0 robe
 c - a +2 robe of magic resistance (worn)
Wands
 q - a wand of scattershot (5)
Scrolls
 j - a scroll of blinking
 l - a scroll of immolation {unknown}
 m - 3 scrolls of identify
 n - 4 scrolls of remove curse
 p - a scroll of holy word {unknown}
Potions
 f - a potion of heal wounds
 g - a potion of haste
 h - 2 potions of magic
 i - 4 potions of berserk rage
 k - 6 potions of mutation
 o - 3 potions of flight
 r - a potion of might
Comestibles
 d - 4 rations


   Skills:
 - Level 6.3 Fighting
 - Level 11.7 Short Blades
 - Level 3.0 Dodging
 + Level 17.6 Stealth
 + Level 11.2 Spellcasting
 + Level 11.5 Hexes


You had 21 spell levels left.
You knew the following spells:

 Your Spells              Type           Power        Failure   Level  Hunger
a - Corona                Hex            ######.      1%          1    None
b - Ensorcelled Hibernat  Hex/Ice        ####..       1%          2    None
c - Confuse               Hex            ######..     1%          3    None
d - Dazzling Spray        Conj/Hex       ####..       1%          3    None

Your spell library contained the following spells:

 Spells                   Type           Power        Failure   Level  Hunger
 Confusing Touch          Hex            ######       1%          1    None
 Tukima's Dance           Hex            ######..     1%          3    None
 Metabolic Englaciation   Hex/Ice        ####......   16%         5    ####...
 Yara's Violent Unravell  Hex/Tmut       ####......   16%         5    ####...
 Gell's Gravitas          Tloc           ##........   19%         3    None
 Petrify                  Tmut/Erth      ##......     52%         4    ##.....


Dungeon Overview and Level Annotations

Branches:
Dungeon (1/1)

Altars:
Dithmenos
Elyvilon
Kikubaaqudgha
Okawaru
Ru
Sif Muna
Trog
Uskayaw
Vehumet
Wu Jian
Yredelemnul
Zin
The Shining One
Beogh

Annotations:
D Donald, Frances


Innate Abilities, Weirdness & Mutations

You are very small and have problems with some larger weapons.
You are too small for most types of armour.
You have supernaturally acute eyesight. (SInv)
You are a herbivore.
You cover ground extremely quickly.
You need to consume almost no food.


Message History

Frances wields an uncursed war axe of holy wrath.
It softly glows with a divine radiance!
Frances barely misses you.
Donald hits you with a war axe of holy wrath!
There is an open door here.
Frances unwields an uncursed war axe of holy wrath.
It stops glowing.
Frances wields an uncursed blowgun.
Frances shoots a curare-tipped needle.
The curare-tipped needle hits you.
You are lethally poisoned!
You have difficulty breathing.
* * * LOW HITPOINT WARNING * * *
You feel as though you will be slow longer.
You see here a curare-tipped needle.
You close the door.
* * * LOW HITPOINT WARNING * * *
You feel very sick.
Donald opens the door.
Frances mutters in a terrible tongue.
The iron shot hits you!
Ouch! That really hurt!
You die...

#+#####################
#..))#.#.#).)..#......+
##.#.)#.##.###.#......#
'##.#.#.##.#..##†.....#
#...#..#..##..'....^.†#
▓▓▓▓▓▓▓▓▓▓▓▓▓▓#.......#
#.......# +..^....#
#.@.....# ##'######
#.@.+ #..@# #...# #####


You could see Frances and Donald.

Vanquished Creatures
  Erolcha (D)
  A deep elf mage (D)
  2 redbacks (D)
  A shadow (D)
  A necrophage (D)
  5 two-headed ogres (D)
  A jelly (D)
  A wizard (D)
  Jessica (D)
  A necromancer (D)
  3 humans (D)
  A kobold demonologist (D)
  A wolf (D)
  2 oozes (D)
  A rat (D)
23 creatures vanquished.

Vanquished Creatures (others)
  2 draconian scorchers (D)
  A yaktaur (D)
  6 hellions (D)
9 creatures vanquished.

Grand Total: 32 creatures vanquished

Notes
Turn   | Place    | Note
-------+----------+-------------------------------------------
     0 | D        | MuseOD the Spriggan Enchanter began the quest for the Orb.
     0 | D        | Reached XP level 1. HP: 9/9 MP: 5/5
     9 | D        | Reached skill level 1 in Fighting
     9 | D        | Reached skill level 5 in Stealth
    18 | D        | Reached XP level 2. HP: 4/14 MP: 6/6
    22 | D        | Learned a level 2 spell: Ensorcelled Hibernation
    98 | D        | Killed a hellion
   106 | D        | Killed a hellion
   106 | D        | Killed a hellion
   107 | D        | Killed a hellion
   108 | D        | Killed a hellion
   127 | D        | Killed a hellion
   175 | D        | Killed a white draconian scorcher
   185 | D        | Killed a white draconian scorcher
   255 | D        | Noticed Jessica
   259 | D        | Killed Jessica
   259 | D        | Reached skill level 6 in Stealth
   259 | D        | Reached XP level 3. HP: 19/19 MP: 8/8
   271 | D        | Learned a level 3 spell: Confuse
   287 | D        | Reached skill level 5 in Short Blades
   287 | D        | Reached skill level 7 in Stealth
   292 | D        | Reached XP level 4. HP: 24/24 MP: 9/9
   375 | D        | Killed a yaktaur
   408 | D        | Noticed a water elemental
   440 | D        | Found a basalt altar of Yredelemnul.
   440 | D        | Found a shadowy altar of Dithmenos.
   440 | D        | Found a sacrificial altar of Ru.
   440 | D        | Noticed a necrophage
   442 | D        | Killed a necrophage
   442 | D        | Reached skill level 9 in Stealth
   442 | D        | Reached XP level 5. HP: 29/29 MP: 10/10
   447 | D        | Became a worshipper of Dithmenos the Shadowed
   453 | D        | Found a hide-covered altar of Uskayaw.
   453 | D        | Found an iron altar of Okawaru.
   457 | D        | Found a glowing silver altar of Zin.
   457 | D        | Found a glowing golden altar of the Shining One.
   457 | D        | Found a white marble altar of Elyvilon.
   457 | D        | Noticed a deep elf mage
   460 | D        | Killed a deep elf mage
   460 | D        | Reached skill level 12 in Stealth
   460 | D        | Reached XP level 6. HP: 37/37 MP: 11/11
   460 | D        | Reached XP level 7. HP: 41/41 MP: 12/12
   465 | D        | Learned a level 3 spell: Dazzling Spray
   467 | D        | Found a roughly hewn altar of Beogh.
   467 | D        | Found a bloodstained altar of Trog.
   467 | D        | Found an ornate altar of the Wu Jian Council.
   467 | D        | Noticed a human
   467 | D        | Noticed a human
   470 | D        | Killed a human
   470 | D        | Reached skill level 13 in Stealth
   470 | D        | Reached skill level 5 in Hexes
   471 | D        | Killed a human
   471 | D        | Reached * piety under Dithmenos
   471 | D        | Reached skill level 5 in Spellcasting
   483 | D        | Found a radiant altar of Vehumet.
   484 | D        | Found a deep blue altar of Sif Muna.
   484 | D        | Found an ancient bone altar of Kikubaaqudgha.
   564 | D        | Noticed a shadow
   566 | D        | Killed a shadow
   566 | D        | Reached ** piety under Dithmenos
   566 | D        | Reached skill level 14 in Stealth
   566 | D        | Reached XP level 8. HP: 45/45 MP: 16/18
   610 | D        | Reached *** piety under Dithmenos
   696 | D        | Noticed a two-headed ogre
   699 | D        | Killed a two-headed ogre
   699 | D        | Reached skill level 15 in Stealth
   710 | D        | Noticed Erolcha
   711 | D        | Noticed a two-headed ogre
   724 | D        | Killed a two-headed ogre
   724 | D        | Reached skill level 16 in Stealth
   727 | D        | Killed Erolcha
   727 | D        | Reached skill level 17 in Stealth
   727 | D        | Reached skill level 10 in Spellcasting
   727 | D        | Reached XP level 9. HP: 49/49 MP: 4/24
   833 | D        | Reached **** piety under Dithmenos
   843 | D        | Noticed Donald
   844 | D        | Noticed Frances
   850 | D        | Killed from afar by Frances

Skill      XL: |  1  2  3  4  5  6  7  8  9 |
---------------+----------------------------+-----
Fighting       | 1 2 3 4 6 |  6.3
Short Blades   | 3 4 6 7 11 | 11.7
Stealth        | 5 6 7 9 12 14 17 | 17.6
Spellcasting   | 6 10 11 | 11.2
Hexes          | 7 11 | 11.5
Dodging        | |  3.0

Action                   |  1- 3 |  4- 6 |  7- 9 || total
-------------------------+-------+-------+-------++-------
Melee: Dagger            |    14 |     3 |    27 ||    44
 Cast: Confuse           |       |       |    12 ||    12
       Dazzling Spray    |       |       |     2 ||     2
  Use: Potion            |       |       |     1 ||     1
 Stab: Sleeping          |     5 |     3 |     7 ||    15
       Invisible         |       |       |     1 ||     1
       Confused          |       |       |     6 ||     6
Dodge: Dodged            |     5 |     3 |    13 ||    21
